 Dungeon Crawl Stone Soup version 0.29.1-12-g30fa7ad0bf (webtiles) character file.

Game seed: 11643811745562737231

103 croobank the Conjurer (level 4, -2/32 HPs)
             Began as a Demonspawn Conjurer on Dec 21, 2022.
             Killed from afar by Grinder (19 damage)
             ... with a bolt of light
             ... on level 3 of the Dungeon.
             The game lasted 00:05:28 (1991 turns).

croobank the Conjurer (Demonspawn Conjurer)         Turns: 1991, Time: 00:05:29

Health: -2/32      AC:  2    Str:  7    XL:     4   Next: 51%
Magic:  1/7        EV: 12    Int: 21    God:
Gold:   98         SH:  4    Dex: 12    Spells: 2/8 levels left

rFire   . . .      SeeInvis .   a - staff of conjuration
rCold   . . .      Faith    .   (no shield)
rNeg    . . .      Spirit   .   d - +0 robe
rPois   .          Reflect  .   (no helmet)
rElec   .          Harm     .   (no cloak)
rCorr   .          Rampage  .   (no gloves)
Will    .....                   (no boots)
Stlth   ++........              (no amulet)
HPRegen 0.10/turn               (no ring)
MPRegen 0.20/turn               (no ring)

@: no status effects
A: claws 1, magic regeneration, condensation shield
a: no special abilities


You were on level 3 of the Dungeon.
You visited 1 branch of the dungeon, and saw 3 of its levels.

You collected 98 gold pieces.

Inventory:

Hand Weapons
 b - a +0 sling
 c - a +1 short sword of electrocution
Armour
 d - a +0 robe (worn)
Magical Staves
 a - a staff of conjuration (weapon)
 i - a staff of air
Scrolls
 h - a scroll of enchant armour {unknown}
 j - a scroll of brand weapon {unknown}
 k - a scroll of amnesia {unknown}
Potions
 e - a potion of attraction {unknown}
 f - a potion of magic
 g - 2 potions of curing {unknown}


   Skills:
 + Level 1.4 Fighting
 + Level 2.5 Dodging
 + Level 2.6 Stealth
 + Level 2.6 Spellcasting
 + Level 4.4 Conjurations


You had 2 spell levels left.
You knew the following spells:

 Your Spells              Type           Power      Damage    Failure   Level
a - Magic Dart            Conj           100%       1d8       2%          1
b - Searing Ray           Conj           64%        2d6       3%          2
c - Dazzling Flash        Conj/Hex       36%        N/A       17%         3

Your spell library contained the following spells:

 Spells                   Type           Power      Damage    Failure   Level
 Fulminant Prism          Conj/Hex       9%         3d7       50%         4
 Iskenderun's Mystic Bla  Conj/Tloc      18%        2d6       50%         4


Dungeon Overview and Level Annotations

Branches:
Dungeon (3/15)

Altars:

Shops:
D:2 (

Annotations:
D:3 Grinder


Innate Abilities, Weirdness & Mutations

You have sharp fingernails.
You regenerate magic rapidly.
A meltable shield of frost defends you. (SH +4)


Message History

You hear the crackle of electricity.
c - a +1 short sword of electrocution (weapon)
The helpless Grinder fails to defend herself.
You hit Grinder.
Grinder is lightly wounded.
Grinder says, "DUCK!"
Grinder blinks!
Your +1 short sword of electrocution stops crackling.
a - a staff of conjuration (weapon)
Grinder zaps a wand.
The bolt of light misses you.
Casting: Searing Ray (safe; 3% risk of failure)
Confirm with . or Enter, or press ? or * to list all spells.
Aiming: Searing Ray (safe; 3% risk of failure)
Press: ? - help, Shift-Dir - straight line, f - Grinder
Aim: Grinder, carrying a wand of light (6) (78% to hit)
You feel a surge of power!
The searing ray hits Grinder.
Grinder is lightly wounded. (Press . to maintain the ray.) Grinder hits you but does no damage.
The searing ray hits Grinder!
Grinder is moderately wounded.
You block Grinder's attack.
The searing ray hits Grinder.
Grinder is heavily wounded.
Grinder hits you.
The searing ray hits Grinder.
Grinder is heavily wounded.
You finish channelling your searing ray.
Grinder hits you!
You writhe in agony.
Casting: Searing Ray (safe; 3% risk of failure)
Confirm with . or Enter, or press ? or * to list all spells.
Aiming: Searing Ray (safe; 3% risk of failure)
Press: ? - help, Shift-Dir - straight line, f/p - Grinder
Aim: Grinder, carrying a wand of light (6) (heavily wounded, 78% to hit)
You feel a surge of power!
The searing ray hits Grinder.
Grinder is heavily wounded. (Press . to maintain the ray.) Grinder zaps a wand.
The bolt of light hits you!!
Ouch! That really hurt!
You die...

○ #..........................
..##.....###..###.#.##########
#[...............###...##### #
#.##.....###...##...#......# #
.###...####...............###
...............###.##.........
....>..............###.##.#.##
..#####.#####5########.##.#.##
# ### #@# #.....<...#.#. #.#
#.####........ ..# #..###.#.
#### #..###... #..#.###.
##..#...† #......#...#..
#.#..#...#...# #..#...#...#..


You could see Grinder.

Vanquished Creatures
  6 adders
  3 worms (D:2)
  5 ball pythons
  3 endoplasms
  5 giant cockroaches
  2 hobgoblins
  3 kobolds
  2 quokkas
  5 bats
  6 frilled lizards
  2 goblins
  4 rats
46 creatures vanquished.

Notes
Turn   | Place    | Note
-------+----------+-------------------------------------------
     0 | D:1      | croobank the Demonspawn Conjurer began the quest for the
                  | Orb.
     0 | D:1      | Reached XP level 1. HP: 13/13 MP: 3/3
   343 | D:1      | Gained mutation: A meltable shield of frost defends you.
                  | (SH +4) [demonic ancestry]
   343 | D:1      | Reached XP level 2. HP: 19/19 MP: 3/5
   630 | D:2      | Learned a level 2 spell: Searing Ray
  1066 | D:2      | Discovered your monstrous ancestry.
  1066 | D:2      | Gained mutation: You have sharp fingernails. [demonic
                  | ancestry]
  1066 | D:2      | Reached XP level 3. HP: 25/25 MP: 0/6
  1070 | D:2      | Learned a level 3 spell: Dazzling Flash
  1165 | D:2      | Reached skill level 1 in Fighting
  1458 | D:2      | Found a faded altar of an unknown god.
  1502 | D:2      | Gained mutation: You regenerate magic rapidly. [demonic
                  | ancestry]
  1502 | D:2      | Reached XP level 4. HP: 32/32 MP: 5/7
  1706 | D:2      | Found Tyjelu's Weapon Shop.
  1981 | D:3      | Noticed Grinder
  1991 | D:3      | Killed from afar by Grinder

Illustrated notes

Levels and vault maps discovered:
D:1:      lightli_arrival_statue_moat, layout_basic
D:2:      layout_loops_ring, serial_shops, nicolae_shop_bloodbath_and_beyond,
          shapermc_ecumenical_altar_notcrosses, minmay_tall_x
D:3:      layout_loops_ring, fiery_altar_vehumet, minmay_tree_intersection,
          grunt_ministairs_4, hex_large, uniq_grinder, uniq_terence, uniq_robin

Skill      XL: |  1  2  3 |
---------------+----------+-----
Stealth        | 2 |  2.6
Dodging        | 2 |  2.5
Fighting       | 1 |  1.4
Spellcasting   | |  2.6
Conjurations   | |  4.4

Action                   |  1- 3 |  4- 6 || total
-------------------------+-------+-------++-------
Melee: Staff             |     1 |       ||     1
       Short sword       |     9 |     1 ||    10
 Cast: Magic Dart        |    38 |    12 ||    50
       Searing Ray       |    12 |     7 ||    19
 Stab: Sleeping          |       |     1 ||     1
Armor: Robe              |     3 |     1 ||     4
Dodge: Dodged            |     7 |     1 ||     8
Block: Other             |     1 |     1 ||     2
